 Dungeon Crawl Stone Soup version 0.29-a0-409-gd843f3a48c (webtiles) character file.

Game seed: 17706196375871239517

49 sammy202020 the Skirmisher (level 3, -7/31 HPs)
             Began as a Palentonga Fighter on May 13, 2022.
             Mangled by a gnoll
             ... wielding a +0 halberd
             ... led by a gnoll shaman
              (8 damage)
             ... on level 3 of the Dungeon.
             The game lasted 00:03:35 (2415 turns).

sammy202020 the Skirmisher (Palentonga Fighter)     Turns: 2415, Time: 00:03:35

Health: -7/31      AC:  9    Str: 19    XL:     3   Next: 51%
Magic:  3/3        EV:  3    Int: 10    God:
Gold:   46         SH:  9    Dex:  9    Spells: 2/2 levels left

rFire   . . .      SeeInvis +   a - +0 war axe
rCold   . . .      Faith    .   c - +0 buckler
rNeg    . . .      Spirit   .   q - +0 plate armour
rPois   .          Reflect  +   (no helmet)
rElec   .          Harm     .   (no cloak)
rCorr   .          Rampage  .   (no gloves)
Will    .....                   (no barding)
Stlth   ..........              h - amulet of reflection
HPRegen 0.10/turn               (no ring)
MPRegen 0.08/turn               (no ring)

@: mighty
A: large, rugged brown scales 3, see invisible, deformed body, roll 1, armoured
tail, wild magic 1
a: Rolling Charge


You were on level 3 of the Dungeon.
You visited 1 branch of the dungeon, and saw 3 of its levels.

You collected 46 gold pieces.

Inventory:

Hand Weapons
 a - a +0 war axe (weapon)
 b - the +0 whip of the Living God {vorpal, rPois rN+++ rCorr Dex-3}
   (You found it on level 2 of the Dungeon)

   It inflicts extra damage upon your enemies.
   Dex:       It affects your dexterity (-3).
   rPois:     It protects you from poison.
   rN:        It renders you almost immune to negative energy.
   rCorr:     It protects you from acid and corrosion.
Armour
 c - a +0 buckler (worn)
 q - a +0 plate armour (worn)
Jewellery
 h - an amulet of reflection (around neck)
Scrolls
 e - a scroll of immolation
 j - a scroll of vulnerability
Potions
 d - a potion of might
 f - 2 potions of attraction {unknown}
 g - a potion of degeneration {unknown}
 i - 2 potions of cancellation {unknown}
 k - 6 potions of curing
 l - 2 potions of heal wounds {unknown}
 p - a potion of ambrosia {unknown}
 r - a potion of berserk rage {unknown}


   Skills:
 * Level 3.5 Fighting
 * Level 2.8 Axes
 + Level 2.6 Armour
 + Level 0.6 Dodging
 + Level 2.9 Shields


You had 2 spell levels left.
You didn't know any spells.
Your spell library was empty.

Dungeon Overview and Level Annotations

Branches:
Dungeon (3/15)

Altars:
Hepliaklqana

Shops:
D:1 (


Innate Abilities, Weirdness & Mutations

You are completely covered in rugged brown scales. (AC +3, +7% HP)
You have supernaturally acute eyesight. (SInv)
Armour fits poorly on your strangely shaped body.
You can roll at nearby foes to attack.
You have a long armoured tail.
Your spells are a little harder to cast, but a little more powerful.


Message History

a +0 whip; 4 stones; a kobold corpse 2 gnolls come into view.
The gnoll shouts! x2
A gnoll shaman comes into view. It is wielding a +0 whip.
There are monsters nearby!
A gnoll comes into view. It is wielding a +0 spear.
Found 12 gold pieces.
The gnoll shouts!
The gnoll hits you with a +0 flail. You block the gnoll's attack.
A gnoll comes into view. It is wielding a +0 whip.
The gnoll shouts!
You hit the gnoll but do no damage. You block the gnoll's attack.
You closely miss the gnoll. You block the gnoll's attack.
You hit the gnoll.
The gnoll is heavily wounded.
The gnoll hits you with a +0 flail.
The gnoll hits you from afar with a +0 halberd!
The gnoll shaman calls upon its god to speed up the gnoll.
The gnoll seems to speed up.
The gnoll hits you with a +0 flail.
The gnoll hits you from afar with a +0 halberd.
* * * LOW HITPOINT WARNING * * *
The gnoll attacks as you move away! The gnoll hits you but does no damage.
You feel very mighty all of a sudden. You block the gnoll's attack.
The gnoll shaman calls upon its god to heal the gnoll.
The gnoll is healed somewhat.
You slash the gnoll shaman!
The gnoll shaman is severely wounded.
The gnoll barely misses you.
The gnoll shaman calls upon its god to heal the gnoll.
The gnoll's wounds heal themselves!
You block the gnoll's attack.
You barely miss the gnoll shaman.
The gnoll shaman is severely wounded.
The gnoll hits you from afar with a +0 halberd.
* * * LOW HITPOINT WARNING * * *
You block the gnoll shaman's attack. You block the gnoll's attack.
You hit the gnoll shaman.
Your tail-slap misses the gnoll shaman.
The gnoll shaman is almost dead.
The gnoll hits you from afar with a +0 halberd!
You die...

#.......##.......#
##########.)#.##.#
### #..#.##.# ..#
####....##.#######.
#.#
#.......##.........
#.#
#.##.#####.########
#.# #.##.......#
#.#####.########.#
.........# #@#
..#####.## #g# ###
### #..ggg......
#.#.g..g$... #
#.##.##### #. .# ##
.# #


You could see a gnoll shaman and 4 gnolls.

Vanquished Creatures
  An adder (D:2)
  A worm (D:3)
  A dart slug (D:2)
  2 ball pythons (D:3)
  3 endoplasms (D:1)
  A giant cockroach (D:1)
  4 hobgoblins
  3 quokkas
  A bat (D:1)
  5 frilled lizards (D:1)
  6 kobolds
  6 rats
  A spectral kobold (D:3)
35 creatures vanquished.

Notes
Turn   | Place    | Note
-------+----------+-------------------------------------------
     0 | D:1      | sammy202020 the Palentonga Fighter began the quest for the
                  | Orb.
     0 | D:1      | Reached XP level 1. HP: 19/19 MP: 1/1
   253 | D:1      | Reached XP level 2. HP: 24/25 MP: 2/2
   560 | D:1      | Found Peilip's Antique Weapon Shop.
  1590 | D:2      | Identified the +0 whip of the Living God {vorpal, rPois
                  | rN+++ rCorr Dex-3}
  1799 | D:2      | Reached XP level 3. HP: 18/31 MP: 3/3
  2180 | D:2      | Gained mutation: You are weak. (Str -2) [potion of
                  | mutation]
  2181 | D:2      | Lost mutation: You are weak. (Str -2) [potion of mutation]
  2181 | D:2      | Gained mutation: Your spells are a little harder to cast,
                  | but a little more powerful. [potion of mutation]
  2370 | D:3      | Found a hazy altar of Hepliaklqana.
  2414 | D:3      | HP: 1/31 [gnoll/+0 halberd[a gnoll shaman] (4)]
  2415 | D:3      | Mangled by a gnoll

Illustrated notes

Levels and vault maps discovered:
D:1:      minmay_arrival_nine_rooms, layout_basic, serial_shops,
          nicolae_shop_hallway_stairs
D:2:      layout_basic
D:3:      layout_loops_cross, nicolae_hepliaklqana_monster_ancestors,
          shapermc_ecumenical_altar_mp_highgroup

Action                   || total
-------------------------++-------
Melee: War axe           ||   111
       Tailslap          ||    11
 Abil: Rolling Charge    ||     2
  Use: Scroll            ||     6
       Potion            ||     3
Armor: Scale mail        ||    36
       Plate armour      ||    20
Dodge: Dodged            ||    22
Block: Buckler           ||    52
       Reflection        ||     1

Table legend: (Time is in decaauts)
 A = Elapsed time spent in this place.
 B = Non-inter-level travel time spent in this place.
 C = Inter-level travel time spent in this place.
 D = Time resting spent in this place.
 E = Time spent auto-exploring this place.
 F = Levels seen in this place.
 G = Mean time per level.
                   A        B        C        D        E       F      G
               +--------+--------+--------+--------+--------+-----+--------+
         Total |   2459 |   2459 |      0 |      0 |   2053 |   3 |  819.7 |
       Dungeon |   2459 |   2459 |      0 |      0 |   2053 |   3 |  819.7 |
               +--------+--------+--------+--------+--------+-----+--------+

Top non-repeatable levels by time:
     D:2: 1210 daAuts
     D:1: 1033 daAuts
     D:3: 215 daAuts
